 Dungeon Sprint DCSS version 0.16.1-18-g436b03c (webtiles) character file.

531 Vrock the Grappler (level 9, -2/106 HPs)
             Began as a Troll Berserker on May 16, 2015.
             Was a Priest of Trog.
             Slain by a boulder beetle (36 damage)
             ... in the Dungeon (Sprint VI: "Thunderdome").
             The game lasted 00:15:24 (797 turns).

Vrock the Grappler (Troll Berserker)                 Turns: 797, Time: 00:15:24

Health: -2/106     AC: 11    Str: 38    XL:     9   Next: 50%
Magic:  4/4        EV: 10    Int:  3    God:    Trog [***...]
Gold:   25         SH:  0    Dex: 11    Spells: 0 memorised, 8 levels left

rFire  + . .     SeeInvis +       - Unarmed
rCold  x . .     Clarity  .     u - +0 swamp dragon armour
rNeg   + . .     SustAb   .     (shield restricted)
rPois  +         Gourm    +     p - +0 hat
rElec  +         Spirit   .     r - +0 cloak
rCorr  .         Warding  .     (gloves unavailable)
rMut   .         NoTele   +     (boots unavailable)
MR     +++..                    m - amulet of Kikkiutu {Faith -Tele +Inv rElec rC+ Str+5}
Stlth  +.........               o - ring "Unoph" {Fire +Blink rElec Slay+3}
                                n - ring "Buis" {rPois rC- rN+ MR+ Str+5 SInv}

@: regenerating, extremely resistant to hostile enchantments, very unstealthy
A: unfitting armour, claws 3, fast metabolism 3, gourmand, regeneration 2,
shaggy fur 1, tough skin 2
a: Burn Spellbooks, Berserk, Trog's Hand, Renounce Religion, Evoke Blink, Evoke
Invisibility
}: 1/15 runes: decaying


You were in the Dungeon.
You worshipped Trog.
Trog was most pleased with you.
You were not hungry.

You visited 1 branch You collected 850 gold pieces.
You spent 825 gold pieces at shops.

Inventory:

Hand weapons
 q - a +2 quarterstaff of chaos
Armour
 p - a +0 hat (worn)
 r - a +0 cloak (worn)
 u - a +0 swamp dragon armour (worn)
Jewellery
 m - the amulet of Kikkiutu (around neck) {Faith -Tele +Inv rElec rC+ Str+5}
   (You bought it in a shop in the Dungeon)

   [amulet of faith]

   It allows you to gain divine favour quickly.
   It affects your strength (+5).
   It protects you from cold.
   It insulates you from electricity.
   It lets you turn invisible.
   It prevents most forms of teleportation.
 n - the ring "Buis" (left claw) {rPois rC- rN+ MR+ Str+5 SInv}
   (You bought it in a shop in the Dungeon)

   [ring of positive energy]

   It affects your strength (+5).
   It makes you vulnerable to cold.
   It protects you from poison.
   It protects you from negative energy.
   It affects your resistance to hostile enchantments.
   It enhances your eyesight.
 o - the ring "Unoph" (right claw) {Fire +Blink rElec Slay+3}
   (You bought it in a shop in the Dungeon)

   [ring of fire]

   It enhances your fire magic, and weakens your ice magic.
   It affects your accuracy and damage with ranged weapons and melee attacks
   (+3).
   It protects you from fire.
   It makes you vulnerable to cold.
   It insulates you from electricity.
   It lets you blink.
 s - the amulet of Theut {Inacc rElec MP+9}
   (You bought it in a shop in the Dungeon)

   [amulet of inaccuracy]

   It reduces the accuracy of all your attacks.
   It insulates you from electricity.
   It affects your magic capacity (+9).
 t - the amulet "Struchia" {rCorr MP+9}
   (You bought it in a shop in the Dungeon)

   [amulet of resist corrosion]

   It protects you from acid and corrosion.
   It affects your magic capacity (+9).
Magical devices
 j - a wand of cold (5)
 k - a wand of fire (5)
Scrolls
 h - 4 scrolls of blinking
 l - 3 scrolls of fog
Potions
 c - a potion of curing
 d - 4 potions of heal wounds
 e - 4 potions of haste
 f - 2 potions of magic
 g - a potion of berserk rage
 i - a potion of resistance
Comestibles
 a - a meat ration


   Skills:
 + Level 12.2 Fighting
 - Level 1.5 Armour
 + Level 3.7 Dodging
 + Level 14.1 Unarmed Combat


You had 8 spell levels left.
You didn't know any spells.

Dungeon Overview and Level Annotations

Branches:
Dungeon (1/1)

Altars:
Cheibriados
Dithmenos
Fedhas
Gozag
Kikubaaqudgha
Makhleb
Okawaru
Qazlal
Ru
Sif Muna
Trog
Vehumet
Xom
Yredelemnul
Zin
The Shining One
Jiyva
Lugonu

Shops:
D *[%??*?*:[((!!!!


Innate Abilities, Weirdness & Mutations

You are too large for most types of armour.
You have claws for hands.
Your metabolism is lightning-fast.
You like to eat raw meat.
You heal very quickly.
You are covered in fur (AC +1).
You have very tough skin (AC +2).


Message History

You are too injured to fight recklessly!
You mangle the earth elemental!!
You destroy the earth elemental!
Use which ability? (? or * to list)
Your skin crawls.
You feel resistant to hostile enchantments.
You feel slightly more hungry.
The boulder beetle curls into a ball and starts rolling!
You mangle the boulder beetle!!
The boulder beetle is moderately wounded.
The boulder beetle smashes into you!
The boulder beetle stops rolling.
The boulder beetle closely misses you.
You scratch the boulder beetle but do no damage.
You claw the boulder beetle!
The boulder beetle is moderately wounded.
You scratch the boulder beetle but do no damage.
You claw the boulder beetle.
The boulder beetle is heavily wounded.
The boulder beetle bites you!!!
You die...

#_......._# ###.........###
#⌠...........⌠#
######.8.......).8.######
##∩___......###..(.[.___∩##
###∩......[.8.# #.8........∩###
#............†###.............##
⌠...[.)....###...###.......[..⌠#
⌠..........# #.<@# #.)........⌠#
⌠.......B[[###..B###....[.....⌠#
#.............###§............##
###∩........8.# #§8........∩###
##∩__.......###.......__∩##
######.8.........8.######
#⌠...........⌠# ###..[......###
#_.[[.....#


You could see a boulder beetle.

Vanquished Creatures
  A wizard (D)
  A rust devil (D)
  A boulder beetle (D)
  Sigmund (D)
  2 gnoll sergeants (D)
  An earth elemental (D)
  4 wights (D)
  Crazy Yiuf (D)
  A gnoll shaman (D)
  A jelly (D)
  A worker ant (D)
  Jessica (D)
  Terence (D)
  2 gnolls (D)
  3 giant eyeballs (D)
  A spectral adder (D)
  An ooze (D)
  2 spectral bats (D)
  A hobgoblin (D)
27 creatures vanquished.

Notes
Turn   | Place    | Note
--------------------------------------------------------------
     0 | D        | Vrock, the Troll Berserker, began the quest for the Orb.
     0 | D        | Reached XP level 1. HP: 22/22 MP: 1/1
     4 | D        | Found a stormy altar of Qazlal.
     4 | D        | Found a radiant altar of Vehumet.
     5 | D        | Found a shimmering altar of Xom.
     5 | D        | Round 1.
     6 | D        | Found a glowing golden altar of the Shining One.
     6 | D        | Found a viscous altar of Jiyva.
     7 | D        | Found Afism's Jewellery.
     7 | D        | Found Smofurhobaa's Bee Food.
     7 | D        | Found a burning altar of Makhleb.
     8 | D        | Found a snail-covered altar of Cheibriados.
     9 | D        | Found Vax Zya's Advanced Armour.
     9 | D        | Found Criosaot's Identification Station.
    17 | D        | Bought a wavering bone amulet for 45 gold pieces
    17 | D        | Bought a brightly glowing ivory ring for 45 gold pieces
    17 | D        | Bought a fine iron ring for 45 gold pieces
    17 | D        | Identified the amulet of Kikkiutu {Faith -Tele +Inv rElec rC+ Str+5} (You bought it in a shop in the Dungeon)
    18 | D        | Identified the ring "Buis" {rPois rC- rN+ MR+ Str+5 SInv} (You bought it in a shop in the Dungeon)
    19 | D        | Identified the ring "Unoph" {Fire +Blink rElec Slay+3} (You bought it in a shop in the Dungeon)
    29 | D        | Found an iron altar of Okawaru.
    30 | D        | Found a bloodstained altar of Trog.
    31 | D        | Found a shadowy altar of Dithmenos.
    32 | D        | Found Diasos' Premium Goods.
    34 | D        | Found Praluate's Miscellaneous Merchandise.
    36 | D        | Found a glowing silver altar of Zin.
    38 | D        | Found Atsobea's Weapon Rack.
    38 | D        | Found Hinix's Basic Armour.
    39 | D        | Noticed a worker ant
    40 | D        | Found a basalt altar of Yredelemnul.
    45 | D        | Killed a worker ant
    45 | D        | Reached skill level 4 in Fighting
    45 | D        | Reached XP level 2. HP: 32/32 MP: 1/1
    47 | D        | Found a deep blue altar of Sif Muna.
    52 | D        | Found Ojoub's Bottled Wisdom.
    52 | D        | Found Reinergh's Do-It-Yourself Clinic.
    52 | D        | Found an ancient bone altar of Kikubaaqudgha.
    52 | D        | Found an opulent altar of Gozag.
    53 | D        | Found a sacrificial altar of Ru.
    54 | D        | Found Boank's Distillery.
    54 | D        | Found Tiast's Distillery.
    55 | D        | Found a blossoming altar of Fedhas.
    65 | D        | Found a corrupted altar of Lugonu.
    66 | D        | Found Raruosof's Staff Store.
    68 | D        | Found Adent's Must-Have Magic.
    72 | D        | Found Lepleis' Magic Scroll Shop.
    72 | D        | Found Duagus' Magic Scroll Shop.
    83 | D        | Acquired Trog's second power
    87 | D        | Noticed Sigmund
    96 | D        | Noticed Jessica
    98 | D        | Killed Jessica
    98 | D        | Reached skill level 5 in Unarmed Combat
    98 | D        | Reached XP level 3. HP: 29/40 MP: 2/2
   101 | D        | Killed Sigmund
   101 | D        | Reached skill level 6 in Fighting
   101 | D        | Reached skill level 7 in Unarmed Combat
   101 | D        | Reached XP level 4. HP: 35/52 MP: 2/2
   117 | D        | Noticed Terence
   123 | D        | Killed Terence
   123 | D        | Arena points: 12 (+12) [x2]
   197 | D        | Round 2.
   206 | D        | Reached skill level 8 in Unarmed Combat
   206 | D        | Reached XP level 5. HP: 49/62 MP: 2/2
   286 | D        | Acquired Trog's third power
   322 | D        | Noticed Crazy Yiuf
   332 | D        | Killed Crazy Yiuf
   332 | D        | Reached skill level 9 in Unarmed Combat
   336 | D        | Arena points: 54 (+42) [x3]
   336 | D        | Reached XP level 6. HP: 44/72 MP: 3/3
   379 | D        | Round 3.
   384 | D        | Paralysed by a giant eyeball for 3 turns
   396 | D        | Reached skill level 10 in Unarmed Combat
   441 | D        | Paralysed by a giant eyeball for 4 turns
   450 | D        | Arena points: 126 (+72) [x4]
   465 | D        | Round 4.
   492 | D        | Bought a twitching lead amulet for 45 gold pieces
   493 | D        | Identified the amulet of Theut {Inacc rElec MP+9} (You bought it in a shop in the Dungeon)
   496 | D        | Bought a coiled crystal amulet for 45 gold pieces
   497 | D        | Identified the amulet "Struchia" {rCorr MP+9} (You bought it in a shop in the Dungeon)
   526 | D        | Arena points: 286 (+160) [x5]
   526 | D        | Reached skill level 11 in Unarmed Combat
   526 | D        | Reached XP level 7. HP: 64/83 MP: 3/3
   549 | D        | Round 5.
   550 | D        | Noticed a witch
   564 | D        | Killed a witch
   564 | D        | Arena points: 531 (+245) [x7]
   564 | D        | Reached skill level 12 in Unarmed Combat
   564 | D        | Reached XP level 8. HP: 91/97 MP: 3/3
   567 | D        | Got a decaying rune of Zot
   568 | D        | Reached skill level 13 in Unarmed Combat
   568 | D        | Reached XP level 9. HP: 103/106 MP: 4/4
   619 | D        | Bought a +0 swamp dragon armour for 600 gold pieces
   761 | D        | Round 6.
   766 | D        | Noticed a rust devil
   776 | D        | Killed a rust devil
   786 | D        | Reached skill level 14 in Unarmed Combat
   797 | D        | Slain by a boulder beetle

Action                   |  1- 3 |  4- 6 |  7- 9 || total
-------------------------+-------+-------+-------++-------
Melee: Unarmed           |    10 |    43 |    27 ||    80
Invok: Berserk           |     1 |     1 |       ||     2
       Trog's Hand       |       |     5 |     3 ||     8
  Use: Potion            |       |       |     1 ||     1
 Stab: Confused          |       |       |     2 ||     2
  Eat: Chunk             |       |     5 |       ||     5
       Meat ration       |       |       |     1 ||     1
